PA
CUT OFF CRAWDADS @ EUGENE VANDALS
08/30/2042
 
TOP OF THE 1ST
Cut Off Crawdads batting - Pitching for Eugene Vandals : RHP Gustavo Ruíz
Pitching: RHP Gustavo Ruíz
Batting: RHB Tim Hankins 0-0: Ball
1-0: Foul Ball, location: 2F
1-1: Ball
2-1: Called Strike
2-2: Strikes out swinging
Batting: LHB Sam Wells 0-0: Swinging Strike
0-1: Ball
1-1: Ball
2-1: Foul Ball, location: 2F
2-2: Foul Ball, location: 2F
2-2: Strikes out swinging
Batting: RHB Ramón Gabriel 0-0: Ball
1-0: Called Strike
1-1: Ball
2-1: Foul Ball, location: 2F
2-2: Fly out, F9 (Flyball, 89M, EV 89.4 MPH)
Top of the 1st over - 0 runs, 0 hits, 0 errors, 0 left on base; Cut Off 0 - Eugene 0
BOTTOM OF THE 1ST
Eugene Vandals batting - Pitching for Cut Off Crawdads : RHP Herb Willis
Pitching: RHP Herb Willis
Batting: RHB Noud Baggerman 0-0: Ball
1-0: Ball
2-0: Foul Ball, location: 2F
2-1: Ball
3-1: Called Strike
3-2: Foul Ball, location: 2F
3-2: SINGLE (Line Drive, 34, EV 100.0 MPH)
Batting: RHB Edgar Rodríguez 0-0: Called Strike
0-1: Ball
1-1: Ball
2-1: SINGLE (Groundball, 6MD, EV 101.9 MPH)
Noud Baggerman to second
Batting: RHB Ángel Júlio 0-0: Ball
1-0: Ball
2-0: SINGLE (Groundball, 56D, EV 101.9 MPH)
Noud Baggerman to third
Edgar Rodríguez to second
Batting: RHB Adrián Serrano 0-0: Ball
1-0: Foul Ball, location: 2F
1-1: Ball
2-1: DOUBLE (Groundball, 5L, EV 103.8 MPH)
Noud Baggerman scores
Edgar Rodríguez scores
Ángel Júlio to third
Batting: LHB Gustavo Palácios 0-0: Called Strike
0-1: Ground out 4-3 (Groundball, 4, EV 83.1 MPH)
Ángel Júlio scores
Adrián Serrano to third
Batting: RHB Luis Ibáńez 0-0: Foul Ball, location: 2F
0-1: Ball
1-1: Swinging Strike
1-2: Ground out 6-3 (Groundball, 6, EV 88.8 MPH)
Adrián Serrano scores
Batting: RHB Johnny Schultz 0-0: Swinging Strike
0-1: Ball
1-1: Foul Ball, location: 2F
1-2: SINGLE (Line Drive, 7S, EV 91.2 MPH)
Batting: RHB Mike Brock 0-0: Called Strike
0-1: Foul Ball, location: 2F
0-2: Ball
1-2: Foul Ball, location: 2F
1-2: Ball
2-2: Foul Ball, location: 2F
2-2: Foul Ball, location: 2F
2-2: Foul Ball, location: 2F
2-2: Strikes out swinging
Bottom of the 1st over - 4 runs, 5 hits, 0 errors, 1 left on base; Cut Off 0 - Eugene 4
TOP OF THE 2ND
Cut Off Crawdads batting - Pitching for Eugene Vandals : RHP Gustavo Ruíz
Batting: SHB Rich Dalzell 0-0: Ball
1-0: Called Strike
1-1: Ball
2-1: Fly out, F7 (Flyball, 78D, EV 86.9 MPH)
Batting: RHB Anthony Roosemont 0-0: Foul Ball, location: 2F
0-1: Foul Ball, location: 2F
0-2: Foul Ball, location: 2F
0-2: Foul Ball, location: 2F
0-2: Ball
1-2: SINGLE (Line Drive, 34D, EV 94.4 MPH)
Batting: LHB Adam Bisset 0-0: Ball
1-0: Called Strike
1-1: Ball
2-1: Foul Ball, location: 2F
2-2: Ball
3-2: Foul Ball, location: 2F
3-2: Fly out, F7 (Line Drive, 7, EV 105.0 MPH)
Batting: RHB Alan Shepherd 0-0: 2-RUN HOME RUN (Flyball, 78XD, EV 113.1 MPH), Distance : 451 ft
Batting: RHB Anthony Mitchell 0-0: Ball
1-0: DOUBLE (Flyball, 78XD, EV 101.9 MPH)
Batting: RHB Juan Jiménez 0-0: Foul Ball, location: 2F
0-1: Foul Ball, location: 2F
0-2: Ground out 6-3 (Groundball, 6, EV 81.9 MPH)
Top of the 2nd over - 2 runs, 3 hits, 0 errors, 1 left on base; Cut Off 2 - Eugene 4
BOTTOM OF THE 2ND
Eugene Vandals batting - Pitching for Cut Off Crawdads : RHP Herb Willis
Batting: RHB Will Ross 0-0: Called Strike
0-1: Ball
1-1: Ground out 5-3 (Groundball, 56, EV 105.0 MPH)
Batting: RHB Noud Baggerman 0-0: Fly out, F9 (Line Drive, 9D, EV 102.5 MPH)
Batting: RHB Edgar Rodríguez 0-0: Ball
1-0: SINGLE (Groundball, 56D, EV 107.5 MPH)
Batting: RHB Ángel Júlio 0-0: Swinging Strike
0-1: Foul Ball, location: 2F
0-2: Ball
1-2: Ground out 4-3 (Groundball, 34, EV 104.4 MPH)
Bottom of the 2nd over - 0 runs, 1 hit, 0 errors, 1 left on base; Cut Off 2 - Eugene 4
TOP OF THE 3RD
Cut Off Crawdads batting - Pitching for Eugene Vandals : RHP Gustavo Ruíz
Batting: RHB Tim Hankins 0-0: Ball
1-0: Foul Ball, location: 2F
1-1: Ball
2-1: Ball
3-1: Base on Balls
Batting: LHB Sam Wells 0-0: Swinging Strike
0-1: Ball
1-1: Called Strike
1-2: SINGLE (Groundball, 25, EV 73.8 MPH) (infield hit)
Tim Hankins to second
Batting: RHB Ramón Gabriel 0-0: Ball
1-0: SINGLE (Line Drive, 8LS, EV 92.5 MPH)
Tim Hankins to third
Sam Wells to second
Runner from 3rd tries for Home, SAFE, throw by CF to home
Batting: SHB Rich Dalzell 0-0: Fly out, F7 (Flyball, 7, EV 93.8 MPH)
Batting: RHB Anthony Roosemont 0-0: Ball
1-0: Called Strike
1-1: Ball
2-1: Fielders Choice at 2nd, 5-4 (Groundball, 56, EV 80.6 MPH)
Sam Wells to third
Batting: LHB Adam Bisset 0-0: Fly out, F4 (Line Drive, 4, EV 73.8 MPH)
Top of the 3rd over - 1 run, 2 hits, 0 errors, 2 left on base; Cut Off 3 - Eugene 4
BOTTOM OF THE 3RD
Eugene Vandals batting - Pitching for Cut Off Crawdads : RHP Herb Willis
Batting: RHB Adrián Serrano 0-0: Ball
1-0: Ground out 5-3 (Groundball, 5L, EV 83.1 MPH)
Batting: LHB Gustavo Palácios 0-0: Foul Ball, location: 2F
0-1: Foul Ball, location: 2F
0-2: Ball
1-2: Ball
2-2: Ball
3-2: Foul Ball, location: 2F
3-2: Foul Ball, location: 2F
3-2: Foul Ball, location: 2F
3-2: Foul Ball, location: 2F
3-2: Fly out, F7 (Flyball, 7, EV 92.5 MPH)
Batting: RHB Luis Ibáńez 0-0: Ball
1-0: Swinging Strike
1-1: Ball
2-1: Foul Ball, location: 2F
2-2: Foul Ball, location: 2F
2-2: Strikes out swinging
Bottom of the 3rd over - 0 runs, 0 hits, 0 errors, 0 left on base; Cut Off 3 - Eugene 4
TOP OF THE 4TH
Cut Off Crawdads batting - Pitching for Eugene Vandals : RHP Gustavo Ruíz
Batting: RHB Alan Shepherd 0-0: Called Strike
0-1: Ball
1-1: Called Strike
1-2: Ball
2-2: Ground out 6-3 (Groundball, 6, EV 95.6 MPH)
Batting: RHB Anthony Mitchell 0-0: Ball
1-0: Ball
2-0: Foul Ball, location: 2F
2-1: Foul Ball, location: 2F
2-2: Ball
3-2: Foul Ball, location: 2F
3-2: Base on Balls
Batting: RHB Juan Jiménez 0-0: Ball
1-0: Foul Ball, location: 2F
1-1: Fly out, F8 (Flyball, 8RM, EV 93.8 MPH)
Batting: RHB Tim Hankins 0-0: Foul Ball, location: 2F
0-1: Foul Ball, location: 2F
0-2: Ball
1-2: Hit by Pitch
Anthony Mitchell to second
Batting: LHB Sam Wells 0-0: Foul Ball, location: 2F
0-1: Ball
1-1: SINGLE (Line Drive, 56, EV 106.2 MPH)
Anthony Mitchell to third
Tim Hankins to second
Runner from 3rd tries for Home, SAFE, throw by LF to home
Batting: RHB Ramón Gabriel 0-0: Ball
1-0: Called Strike
1-1: Fly out, F7 (Flyball, 7LMF, EV 88.1 MPH)
Top of the 4th over - 1 run, 1 hit, 0 errors, 2 left on base; Cut Off 4 - Eugene 4
BOTTOM OF THE 4TH
Eugene Vandals batting - Pitching for Cut Off Crawdads : RHP Herb Willis
Batting: RHB Johnny Schultz 0-0: Ball
1-0: Ball
2-0: Swinging Strike
2-1: Fly out, F7 (Flyball, 7S, EV 75.6 MPH)
Batting: RHB Mike Brock 0-0: Foul Ball, location: 2F
0-1: Ball
1-1: Ball
2-1: Foul Ball, location: 2F
2-2: Ball
3-2: Foul Ball, location: 2F
3-2: Foul Ball, location: 2F
3-2: Fly out, F8 (Flyball, 89D, EV 103.1 MPH)
Batting: RHB Will Ross 0-0: Ball
1-0: Fly out, F8 (Flyball, 8RS, EV 90.6 MPH)
Bottom of the 4th over - 0 runs, 0 hits, 0 errors, 0 left on base; Cut Off 4 - Eugene 4
TOP OF THE 5TH
Cut Off Crawdads batting - Pitching for Eugene Vandals : RHP Gustavo Ruíz
Batting: SHB Rich Dalzell 0-0: Called Strike
0-1: Ball
1-1: Ball
2-1: Foul Ball, location: 2F
2-2: Ball
3-2: Base on Balls
Batting: RHB Anthony Roosemont 0-0: Ball
1-0: Called Strike
1-1: SINGLE (Groundball, 6, EV 103.1 MPH) (infield hit)
Rich Dalzell to second
Batting: LHB Adam Bisset 0-0: Called Strike
0-1: Sac Bunt to 15S - play at first, batter OUT! 1-3
Rich Dalzell to third
Anthony Roosemont to second
Batting: RHB Alan Shepherd 0-0: Ball
1-0: Ground out 6-3 (Groundball, 6, EV 81.2 MPH)
Batting: RHB Anthony Mitchell 0-0: Ball
1-0: 3-RUN HOME RUN (Flyball, 7LD, EV 101.2 MPH), Distance : 360 ft
Pitching: LHP Joe Pollitt
Batting: RHB Juan Jiménez 0-0: Called Strike
0-1: Ball
1-1: Swinging Strike
1-2: Strikes out swinging
Top of the 5th over - 3 runs, 2 hits, 0 errors, 0 left on base; Cut Off 7 - Eugene 4
BOTTOM OF THE 5TH
Eugene Vandals batting - Pitching for Cut Off Crawdads : RHP Herb Willis
Batting: RHB Noud Baggerman 0-0: Ball
1-0: Called Strike
1-1: Ball
2-1: Foul Ball, location: 2F
2-2: Strikes out looking
Batting: RHB Edgar Rodríguez 0-0: Ball
1-0: Foul Ball, location: 2F
1-1: Foul Ball, location: 2F
1-2: Fly out, F6 (Line Drive, 6, EV 65.6 MPH)
Batting: RHB Ángel Júlio 0-0: Ground out 5-3 (Groundball, 56, EV 90.0 MPH)
Bottom of the 5th over - 0 runs, 0 hits, 0 errors, 0 left on base; Cut Off 7 - Eugene 4
TOP OF THE 6TH
Cut Off Crawdads batting - Pitching for Eugene Vandals : LHP Joe Pollitt
Batting: RHB Tim Hankins 0-0: Ball
1-0: Ground out 4-3 (Groundball, 4M, EV 80.6 MPH)
Batting: LHB Sam Wells 0-0: Foul Ball, location: 2F
0-1: Fly out, F4 (Line Drive, 4, EV 59.4 MPH)
Batting: RHB Ramón Gabriel 0-0: Ball
1-0: Fly out, F7 (Line Drive, 7, EV 91.2 MPH)
Top of the 6th over - 0 runs, 0 hits, 0 errors, 0 left on base; Cut Off 7 - Eugene 4
BOTTOM OF THE 6TH
Eugene Vandals batting - Pitching for Cut Off Crawdads : RHP Herb Willis
Batting: RHB Adrián Serrano 0-0: Ball
1-0: SINGLE (Groundball, 4M, EV 103.8 MPH) (infield hit)
Batting: LHB Gustavo Palácios 0-0: Called Strike
0-1: Foul Ball, location: 2F
0-2: SINGLE (Line Drive, 7S, EV 98.8 MPH)
Adrián Serrano to second
Pitching: RHP Carlos Coronado
Batting: RHB Luis Ibáńez 0-0: Swinging Strike
0-1: Ball
1-1: Grounds into double play, 5-4-3 (Groundball, 5, EV 77.5 MPH)
Adrián Serrano to third
Batting: RHB Johnny Schultz 0-0: Called Strike
0-1: Fly out, F8 (Flyball, 8RM, EV 87.5 MPH)
Bottom of the 6th over - 0 runs, 2 hits, 0 errors, 1 left on base; Cut Off 7 - Eugene 4
TOP OF THE 7TH
Cut Off Crawdads batting - Pitching for Eugene Vandals : LHP Joe Pollitt
Batting: SHB Rich Dalzell 0-0: Fly out, F5 (Line Drive, 5, EV 63.1 MPH)
Batting: RHB Anthony Roosemont 0-0: Fly out, F7 (Flyball, 7LS, EV 83.1 MPH)
Batting: LHB Adam Bisset 0-0: Fly out, F8 (Line Drive, 8RM, EV 90.0 MPH)
Top of the 7th over - 0 runs, 0 hits, 0 errors, 0 left on base; Cut Off 7 - Eugene 4
BOTTOM OF THE 7TH
Eugene Vandals batting - Pitching for Cut Off Crawdads : RHP Carlos Coronado
Batting: RHB Mike Brock 0-0: Foul Ball, location: 2F
0-1: Ball
1-1: Foul Ball, location: 2F
1-2: Strikes out swinging
Batting: RHB Will Ross 0-0: Called Strike
0-1: Ball
1-1: Foul Ball, location: 2F
1-2: Foul Ball, location: 2F
1-2: SINGLE (Groundball, 4, EV 86.2 MPH) (infield hit)
Batting: RHB Noud Baggerman 0-0: Swinging Strike
0-1: Ball
1-1: Called Strike
Will Ross steals 2nd, throwing error, E2
Will Ross to third
1-2: SINGLE (Line Drive, 4D, EV 98.1 MPH)
Will Ross scores
Batting: RHB Edgar Rodríguez 0-0: Foul Ball, location: 2F
0-1: Ball
1-1: Ball
2-1: Swinging Strike
2-2: Foul Ball, location: 2F
2-2: Ball
3-2: Base on Balls
Noud Baggerman to second
Batting: RHB Ángel Júlio 0-0: Called Strike
0-1: Called Strike
0-2: Strikes out looking
Batting: RHB Adrián Serrano 0-0: Ball
1-0: Called Strike
1-1: Ball
2-1: Swinging Strike
2-2: Foul Ball, location: 2F
2-2: Strikes out swinging
Bottom of the 7th over - 1 run, 2 hits, 1 error, 2 left on base; Cut Off 7 - Eugene 5
TOP OF THE 8TH
Cut Off Crawdads batting - Pitching for Eugene Vandals : LHP Joe Pollitt
Batting: RHB Alan Shepherd 0-0: Called Strike
0-1: Ball
1-1: Ball
2-1: Called Strike
2-2: Strikes out swinging
Batting: RHB Anthony Mitchell 0-0: Ball
1-0: Called Strike
1-1: Called Strike
1-2: Ball
2-2: Ball
3-2: SINGLE (Flyball, 78S, EV 90.0 MPH)
Batting: RHB Juan Jiménez 0-0: Swinging Strike
0-1: Called Strike
0-2: Foul Ball, location: 2F
0-2: Strikes out swinging
Batting: RHB Tim Hankins 0-0: Swinging Strike
0-1: Swinging Strike
0-2: Strikes out swinging
Top of the 8th over - 0 runs, 1 hit, 0 errors, 1 left on base; Cut Off 7 - Eugene 5
BOTTOM OF THE 8TH
Eugene Vandals batting - Pitching for Cut Off Crawdads : RHP Carlos Coronado
Batting: LHB Gustavo Palácios 0-0: Called Strike
0-1: Foul Ball, location: 2F
0-2: Ball
1-2: Ball
2-2: Strikes out swinging
Batting: RHB Luis Ibáńez 0-0: Ball
1-0: Called Strike
1-1: Ball
2-1: Called Strike
2-2: Ball
3-2: Base on Balls
Batting: RHB Johnny Schultz 0-0: Ball
1-0: Called Strike
1-1: Foul Ball, location: 2F
1-2: Grounds into double play, 5-4-3 (Groundball, 56S, EV 86.9 MPH)
Bottom of the 8th over - 0 runs, 0 hits, 0 errors, 0 left on base; Cut Off 7 - Eugene 5
TOP OF THE 9TH
Cut Off Crawdads batting - Pitching for Eugene Vandals : LHP Joe Pollitt
Batting: LHB Sam Wells 0-0: Ball
1-0: Foul Ball, location: 2F
1-1: Swinging Strike
1-2: Ball
2-2: Fly out, F9 (Flyball, 9S, EV 95.6 MPH)
Batting: RHB Ramón Gabriel 0-0: Called Strike
0-1: SINGLE (Groundball, 34D, EV 94.4 MPH)
Pitching: LHP Jake Sewell
Batting: SHB Rich Dalzell 0-0: Ball
1-0: Ball
2-0: Foul Ball, location: 2F
2-1: Foul Ball, location: 2F
2-2: Foul Ball, location: 2F
2-2: Ball
3-2: Fielders Choice at 2nd, 5-4 (Groundball, 56, EV 110.0 MPH)
Batting: RHB Anthony Roosemont 0-0: Ball
Rich Dalzell is caught stealing 2nd base 2-4
Top of the 9th over - 0 runs, 1 hit, 0 errors, 0 left on base; Cut Off 7 - Eugene 5
BOTTOM OF THE 9TH
Eugene Vandals batting - Pitching for Cut Off Crawdads : RHP Carlos Coronado
Pitching: RHP Lewis Goodman
Now at 1B: Gabriel Ortíz
Batting: RHB Mike Brock 0-0: Called Strike
0-1: Foul Ball, location: 2F
0-2: Foul Ball, location: 2F
0-2: Strikes out swinging
Batting: RHB Will Ross 0-0: Ball
1-0: Foul Ball, location: 2F
1-1: Ball
2-1: Ball
3-1: Called Strike
3-2: Strikes out swinging
Batting: RHB Noud Baggerman 0-0: Ball
1-0: Ball
2-0: Called Strike
2-1: Called Strike
2-2: Foul Ball, location: 2F
2-2: Ball
3-2: Ground out 5-3 (Groundball, 5S, EV 90.0 MPH)
Bottom of the 9th over - 0 runs, 0 hits, 0 errors, 0 left on base; Cut Off 7 - Eugene 5
Friday, March 26th, 2021 - OOTP Baseball 20.8 Build 74